TOP OF THE 1ST |
Baltimore (APP) Orioles batting - Pitching for Detroit (APP) Tigers : RHP Ramiro Silva
|
Pitching: RHP Ramiro Silva
|
|
Batting: LHB Ralph Braine
|
0-0: Ball 1-0: Called Strike 1-1: Ball 2-1: Foul Ball, location: 2F 2-2: Ball 3-2: Base on Balls
|
Batting: RHB Ray Sims
|
0-0: Ball 1-0: Ball 2-0: Called Strike 2-1: Called Strike 2-2: Ball 3-2: Foul Ball, location: 2F 3-2: Base on Balls Ralph Braine to second
|
Batting: RHB Daniel Jackson
|
0-0: Called Strike 0-1: Foul Ball, location: 2F 0-2: Strikes out swinging
|
Batting: RHB Danny Baeza
|
0-0: Called Strike 0-1: Ball 1-1: Ball 2-1: Foul Ball, location: 2F 2-2: Foul Ball, location: 2F 2-2: Ball 3-2: Fielders Choice at 2nd, 3-6 (Groundball, 34S, EV 86.2 MPH) Ralph Braine to third
|
Batting: RHB Mike Zepeda
|
0-0: Foul Ball, location: 2F 0-1: Ball 1-1: Ball 2-1: Swinging Strike 2-2: Fly out, F3 (Popup, 34, EV 73.1 MPH)
|
Top of the 1st over - 0 runs, 0 hits, 0 errors, 2 left on base; Baltimore (APP) 0 - Detroit (APP) 0 |
BOTTOM OF THE 1ST |
Detroit (APP) Tigers batting - Pitching for Baltimore (APP) Orioles : RHP Adam Browne
|
Pitching: RHP Adam Browne
|
|
Batting: RHB Brandon O'Malley
|
0-0: Ball 1-0: Foul Ball, location: 2F 1-1: Foul Ball, location: 2F 1-2: SINGLE (Groundball, 6MD, EV 98.1 MPH)
|
Batting: RHB Adam MacConnell
|
0-0: Ball 1-0: Called Strike 1-1: Ball Brandon O'Malley is caught stealing 2nd base 2-4 2-1: Ball 3-1: Called Strike 3-2: SINGLE (Groundball, 34D, EV 96.2 MPH)
|
Batting: LHB Bill Ford
|
0-0: Ball Adam MacConnell is caught stealing 2nd base 2-6 1-0: SINGLE (Groundball, 34D, EV 101.9 MPH)
|
Batting: RHB Keith Hoffman
|
0-0: Swinging Strike Bill Ford steals 2nd base 0-1: Called Strike 0-2: Ball 1-2: Foul Ball, location: 2F 1-2: SINGLE (Groundball, 4MS, EV 70.0 MPH) (infield hit) Bill Ford to third
|
Batting: RHB Jon Goldstein
|
0-0: Fielders Choice at 2nd, 5-4 (Groundball, 56, EV 97.5 MPH)
|
Bottom of the 1st over - 0 runs, 4 hits, 0 errors, 2 left on base; Baltimore (APP) 0 - Detroit (APP) 0 |
TOP OF THE 2ND |
Baltimore (APP) Orioles batting - Pitching for Detroit (APP) Tigers : RHP Ramiro Silva
|
Batting: RHB Matt O'Dea
|
0-0: Called Strike 0-1: Foul Ball, location: 2F 0-2: Ball 1-2: Fly out, F4 (Popup, 34, EV 81.2 MPH)
|
Batting: RHB Tony Godley
|
0-0: Ball 1-0: Called Strike 1-1: SINGLE (Flyball, 3D, EV 87.5 MPH)
|
Batting: RHB Matt Berrier
|
0-0: Called Strike Tony Godley steals 2nd, throwing error, E2 Tony Godley to third 0-1: Foul Ball, location: 2F 0-2: Foul Ball, location: 2F 0-2: Strikes out swinging
|
Batting: RHB Danny Ayala
|
0-0: DOUBLE (Line Drive, 78M, EV 106.9 MPH) Tony Godley scores
|
Batting: LHB Ralph Braine
|
0-0: Called Strike 0-1: Ball 1-1: Ball 2-1: Foul Ball, location: 2F 2-2: Ground out 6-3 (Groundball, 6, EV 80.0 MPH)
|
Top of the 2nd over - 1 run, 2 hits, 1 error, 1 left on base; Baltimore (APP) 1 - Detroit (APP) 0 |
BOTTOM OF THE 2ND |
Detroit (APP) Tigers batting - Pitching for Baltimore (APP) Orioles : RHP Adam Browne
|
Batting: LHB Jon Pedlar
|
0-0: Ground out 2-3 (Groundball, 2R, EV 69.4 MPH)
|
Batting: RHB Tony Soto
|
0-0: Foul Ball, location: 2F 0-1: Called Strike 0-2: Ball 1-2: Strikes out swinging
|
Batting: RHB Carlos Armenteros
|
0-0: Ball 1-0: Ball 2-0: Called Strike 2-1: Foul Ball, location: 2F 2-2: Ground out 4-3 (Groundball, 4, EV 104.4 MPH)
|
Bottom of the 2nd over - 0 runs, 0 hits, 0 errors, 0 left on base; Baltimore (APP) 1 - Detroit (APP) 0 |
TOP OF THE 3RD |
Baltimore (APP) Orioles batting - Pitching for Detroit (APP) Tigers : RHP Ramiro Silva
|
Batting: RHB Ray Sims
|
0-0: Ball 1-0: SINGLE (Groundball, 6MD, EV 93.8 MPH)
|
Batting: RHB Daniel Jackson
|
0-0: Swinging Strike 0-1: Ball 1-1: Ball Ray Sims steals 2nd base 2-1: Called Strike 2-2: Foul Ball, location: 2F 2-2: Ball 3-2: Base on Balls
|
Batting: RHB Danny Baeza
|
0-0: Ball 1-0: SINGLE (Groundball, 3D, EV 108.8 MPH) Ray Sims to third Daniel Jackson to second Runner from 3rd tries for Home, SAFE, throw by RF to home
|
Batting: RHB Mike Zepeda
|
0-0: Ball 1-0: Ball 2-0: Ball 3-0: Called Strike 3-1: Base on Balls Daniel Jackson to third Danny Baeza to second
|
Batting: RHB Matt O'Dea
|
0-0: Called Strike 0-1: Foul Ball, location: 2F 0-2: Ball 1-2: Ball 2-2: Ball 3-2: Foul Ball, location: 2F 3-2: Foul Ball, location: 2F 3-2: Strikes out looking
|
Batting: RHB Tony Godley
|
0-0: Grounds into double play, 4-6-3 (Groundball, 4M, EV 99.4 MPH)
|
Top of the 3rd over - 1 run, 2 hits, 0 errors, 2 left on base; Baltimore (APP) 2 - Detroit (APP) 0 |
BOTTOM OF THE 3RD |
Detroit (APP) Tigers batting - Pitching for Baltimore (APP) Orioles : RHP Adam Browne
|
Batting: RHB Jamie Villagrana
|
0-0: Called Strike 0-1: Bunt missed! 0-2: Ball 1-2: Ground out 1-3 (Groundball, 34S, EV 63.8 MPH)
|
Batting: RHB Brandon O'Malley
|
0-0: Called Strike 0-1: Ball 1-1: Ball 2-1: Foul Ball, location: 2F 2-2: Ball 3-2: Foul Ball, location: 2F 3-2: Strikes out swinging
|
Batting: RHB Adam MacConnell
|
0-0: Ball 1-0: SINGLE (Groundball, 34D, EV 105.0 MPH)
|
Batting: LHB Bill Ford
|
0-0: Fielders Choice at 2nd, 6-4 (Groundball, 6, EV 104.4 MPH)
|
Bottom of the 3rd over - 0 runs, 1 hit, 0 errors, 1 left on base; Baltimore (APP) 2 - Detroit (APP) 0 |
TOP OF THE 4TH |
Baltimore (APP) Orioles batting - Pitching for Detroit (APP) Tigers : RHP Ramiro Silva
|
Batting: RHB Matt Berrier
|
0-0: Ball 1-0: Foul Ball, location: 2F 1-1: Foul Ball, location: 2F 1-2: Strikes out looking
|
Batting: RHB Danny Ayala
|
0-0: Ball 1-0: Called Strike 1-1: SINGLE (Line Drive, 6M, EV 98.8 MPH)
|
Batting: LHB Ralph Braine
|
0-0: Ball 1-0: Ball 2-0: TRIPLE (Flyball, 89XD, EV 100.0 MPH) Danny Ayala scores
|
Batting: RHB Ray Sims
|
0-0: Ball 1-0: Called Strike 1-1: Ball 2-1: Ground out 5-3 (Groundball, 56, EV 98.1 MPH) Ralph Braine scores
|
Batting: RHB Daniel Jackson
|
0-0: Ball 1-0: Ball 2-0: Ball 3-0: Base on Balls
|
Batting: RHB Danny Baeza
|
0-0: Ball Daniel Jackson steals 2nd, throwing error, E2 Daniel Jackson to third 1-0: Swinging Strike 1-1: Ground out 6-3 (Groundball, 6, EV 90.0 MPH)
|
Top of the 4th over - 2 runs, 2 hits, 1 error, 1 left on base; Baltimore (APP) 4 - Detroit (APP) 0 |
BOTTOM OF THE 4TH |
Detroit (APP) Tigers batting - Pitching for Baltimore (APP) Orioles : RHP Adam Browne
|
Batting: RHB Keith Hoffman
|
0-0: Ball 1-0: Called Strike 1-1: Foul Ball, location: 2F 1-2: Ball 2-2: Ball 3-2: Ground out 6-3 (Groundball, 6, EV 103.8 MPH)
|
Batting: RHB Jon Goldstein
|
0-0: Ball 1-0: Ball 2-0: Hit by Pitch
|
Pinch Runner at 1st Tommy McDonald:
|
|
Batting: LHB Jon Pedlar
|
0-0: Called Strike 0-1: Foul Ball, location: 2F 0-2: Ball Wild Pitch! Tommy McDonald to second 1-2: Ball 2-2: 2-RUN HOME RUN (Flyball, 89XD, EV 105.0 MPH), Distance : 393 ft
|
Batting: RHB Tony Soto
|
0-0: Swinging Strike 0-1: Ball 1-1: SINGLE (Groundball, 6D, EV 108.1 MPH)
|
Batting: RHB Carlos Armenteros
|
0-0: Ball 1-0: Swinging Strike 1-1: Foul Ball, location: 2F 1-2: Fly out, F9 (Flyball, 9LS, EV 90.0 MPH)
|
Batting: RHB Jamie Villagrana
|
0-0: Ball 1-0: Foul Ball, location: 2F 1-1: Ball 2-1: Called Strike 2-2: Strikes out swinging
|
Bottom of the 4th over - 2 runs, 2 hits, 0 errors, 1 left on base; Baltimore (APP) 4 - Detroit (APP) 2 |
TOP OF THE 5TH |
Baltimore (APP) Orioles batting - Pitching for Detroit (APP) Tigers : RHP Ramiro Silva
|
Now at 1B: Tommy McDonald
|
|
Now at 2B: Adam MacConnell
|
|
Batting: RHB Mike Zepeda
|
0-0: Ball 1-0: Swinging Strike 1-1: Called Strike 1-2: Ball 2-2: Foul Ball, location: 2F 2-2: Strikes out swinging
|
Batting: RHB Matt O'Dea
|
0-0: Ball 1-0: Ball 2-0: Ball 3-0: Base on Balls
|
Pitching: RHP Bert Hernandez
|
|
Batting: RHB Tony Godley
|
0-0: Ball 1-0: Called Strike 1-1: Grounds into double play, 4-6-3 (Groundball, 4, EV 110.0 MPH)
|
Top of the 5th over - 0 runs, 0 hits, 0 errors, 0 left on base; Baltimore (APP) 4 - Detroit (APP) 2 |
BOTTOM OF THE 5TH |
Detroit (APP) Tigers batting - Pitching for Baltimore (APP) Orioles : RHP Adam Browne
|
Batting: RHB Brandon O'Malley
|
0-0: Swinging Strike 0-1: Ball 1-1: Ball 2-1: Foul Ball, location: 2F 2-2: Foul Ball, location: 2F 2-2: Strikes out looking
|
Batting: RHB Adam MacConnell
|
0-0: Ball 1-0: Swinging Strike 1-1: Ball 2-1: Called Strike 2-2: Ball 3-2: Base on Balls
|
Batting: LHB Bill Ford
|
0-0: Fielders Choice at 2nd, 3-6 (Groundball, 3, EV 105.0 MPH)
|
Batting: RHB Keith Hoffman
|
0-0: Ball Bill Ford steals 2nd base 1-0: SINGLE (Line Drive, 7LS, EV 94.4 MPH) Bill Ford to third Runner from 3rd tries for Home, SAFE, throw by LF to home
|
Batting: RHB Tommy McDonald
|
0-0: SINGLE (Groundball, 56D, EV 103.8 MPH) Keith Hoffman to second
|
Batting: LHB Jon Pedlar
|
0-0: Called Strike 0-1: Ball 1-1: Ground out 4-3 (Groundball, 4S, EV 89.4 MPH)
|
Bottom of the 5th over - 1 run, 2 hits, 0 errors, 2 left on base; Baltimore (APP) 4 - Detroit (APP) 3 |
TOP OF THE 6TH |
Baltimore (APP) Orioles batting - Pitching for Detroit (APP) Tigers : RHP Bert Hernandez
|
Batting: RHB Matt Berrier
|
0-0: Called Strike 0-1: Called Strike 0-2: Ground out 6-3 (Groundball, 6M, EV 88.1 MPH)
|
Batting: RHB Danny Ayala
|
0-0: Ball 1-0: DOUBLE (Line Drive, 8RXD, EV 110.0 MPH)
|
Batting: LHB Ralph Braine
|
0-0: Ball 1-0: Ball Wild Pitch! Danny Ayala to third 2-0: Ball 3-0: Called Strike 3-1: DOUBLE (Groundball, 3L, EV 107.5 MPH) Danny Ayala scores
|
Batting: RHB Ray Sims
|
0-0: Ball 1-0: Fly out, F9 (Flyball, 9LM, EV 83.8 MPH)
|
Batting: RHB Daniel Jackson
|
0-0: Called Strike 0-1: Swinging Strike 0-2: Foul Ball, location: 2F 0-2: Foul Ball, location: 2F 0-2: Ball 1-2: Strikes out swinging
|
Top of the 6th over - 1 run, 2 hits, 0 errors, 1 left on base; Baltimore (APP) 5 - Detroit (APP) 3 |
BOTTOM OF THE 6TH |
Detroit (APP) Tigers batting - Pitching for Baltimore (APP) Orioles : RHP Adam Browne
|
Batting: RHB Tony Soto
|
0-0: Foul Ball, location: 2F 0-1: Fly out, F2 (Popup, 3SF, EV 81.2 MPH)
|
Batting: RHB Carlos Armenteros
|
0-0: Ball 1-0: Ball 2-0: Called Strike 2-1: Bunt missed! 2-2: Ball 3-2: Foul Ball, location: 2F 3-2: SINGLE (Groundball, 6D, EV 100.0 MPH)
|
Batting: RHB Jamie Villagrana
|
0-0: Called Strike 0-1: Ball 1-1: Foul Ball, location: 2F 1-2: Ball 2-2: Ball 3-2: Strikes out swinging
|
Pitching: RHP Tim Bemish
|
|
Batting: RHB Brandon O'Malley
|
0-0: Called Strike Carlos Armenteros is caught stealing 2nd base 2-4
|
Bottom of the 6th over - 0 runs, 1 hit, 0 errors, 0 left on base; Baltimore (APP) 5 - Detroit (APP) 3 |
TOP OF THE 7TH |
Baltimore (APP) Orioles batting - Pitching for Detroit (APP) Tigers : RHP Bert Hernandez
|
Pitching: LHP Jim Belcher
|
|
Batting: RHB Danny Baeza
|
0-0: Swinging Strike 0-1: Foul Ball, location: 2F 0-2: Ball 1-2: Strikes out swinging
|
Batting: RHB Mike Zepeda
|
0-0: Called Strike 0-1: Foul Ball, location: 2F 0-2: Fly out, F7 (Flyball, 7LM, EV 93.1 MPH)
|
Batting: RHB Matt O'Dea
|
0-0: Ball 1-0: Ball 2-0: Ball 3-0: Base on Balls
|
Batting: RHB Tony Godley
|
0-0: Ball 1-0: Ball 2-0: Ball 3-0: Base on Balls Matt O'Dea to second
|
Batting: RHB Matt Berrier
|
0-0: Called Strike 0-1: Foul Ball, location: 2F 0-2: Foul Ball, location: 2F 0-2: Ball 1-2: Ball 2-2: SINGLE (Groundball, 56S, EV 71.9 MPH) (infield hit) Matt O'Dea to third Tony Godley to second
|
Pitching: RHP Adam Fisher
|
|
Batting: RHB Danny Ayala
|
0-0: Ball 1-0: Ball 2-0: Called Strike 2-1: Swinging Strike 2-2: Strikes out swinging
|
Top of the 7th over - 0 runs, 1 hit, 0 errors, 3 left on base; Baltimore (APP) 5 - Detroit (APP) 3 |
BOTTOM OF THE 7TH |
Detroit (APP) Tigers batting - Pitching for Baltimore (APP) Orioles : RHP Tim Bemish
|
Pinch Hitting: LHB George Moran
|
0-0: Fly out, F8 (Flyball, 8LM, EV 90.0 MPH)
|
Batting: RHB Adam MacConnell
|
0-0: Called Strike 0-1: SINGLE (Groundball, 6D, EV 104.4 MPH)
|
Batting: LHB Bill Ford
|
0-0: Ball 1-0: Foul Ball, location: 2F 1-1: Ball 2-1: Foul Ball, location: 2F 2-2: Ball 3-2: Fly out, F5 (Flyball, 56D, EV 92.5 MPH)
|
Batting: RHB Keith Hoffman
|
0-0: Called Strike 0-1: Called Strike 0-2: Ground out 4-3 (Groundball, 34, EV 90.6 MPH)
|
Bottom of the 7th over - 0 runs, 1 hit, 0 errors, 1 left on base; Baltimore (APP) 5 - Detroit (APP) 3 |
TOP OF THE 8TH |
Baltimore (APP) Orioles batting - Pitching for Detroit (APP) Tigers : RHP Adam Fisher
|
Now in CF: George Moran
|
|
Batting: LHB Ralph Braine
|
0-0: Called Strike 0-1: Foul Ball, location: 2F 0-2: SINGLE (Groundball, 6MD, EV 100.0 MPH)
|
Batting: RHB Ray Sims
|
0-0: Sac Bunt to 13S - play at first, batter OUT! 1-3 Ralph Braine to second
|
Batting: RHB Daniel Jackson
|
0-0: Reached on error, E5 (Groundball, 5S, EV 89.4 MPH) Ralph Braine scores
|
Batting: RHB Danny Baeza
|
0-0: Foul Ball, location: 2F 0-1: Ball 1-1: Ball 2-1: Ball 3-1: Hit by Pitch
|
Batting: RHB Mike Zepeda
|
0-0: Swinging Strike 0-1: Called Strike 0-2: Ball 1-2: Foul Ball, location: 2F 1-2: Ball 2-2: Foul Ball, location: 2F 2-2: Strikes out swinging
|
Pitching: RHP Alex Amparo
|
|
Batting: RHB Matt O'Dea
|
0-0: Called Strike 0-1: Ball 1-1: Called Strike 1-2: Strikes out looking
|
Top of the 8th over - 1 run, 1 hit, 1 error, 2 left on base; Baltimore (APP) 6 - Detroit (APP) 3 |
BOTTOM OF THE 8TH |
Detroit (APP) Tigers batting - Pitching for Baltimore (APP) Orioles : RHP Tim Bemish
|
Pitching: LHP Roger Farley
|
|
Batting: RHB Tommy McDonald
|
0-0: Ball 1-0: Ball 2-0: Called Strike 2-1: Called Strike 2-2: Ball 3-2: Base on Balls
|
Batting: LHB Jon Pedlar
|
0-0: Ball 1-0: Called Strike 1-1: Ball 2-1: Called Strike 2-2: SINGLE (Groundball, 34, EV 93.8 MPH) Tommy McDonald to second
|
Pitching: LHP Randall Rennie
|
|
Batting: RHB Tony Soto
|
0-0: Ball 1-0: Ball 2-0: Ball 3-0: Swinging Strike 3-1: Foul Ball, location: 2F 3-2: Base on Balls Tommy McDonald to third Jon Pedlar to second
|
Batting: RHB Carlos Armenteros
|
0-0: Ball 1-0: Called Strike 1-1: Foul Ball, location: 2F 1-2: Ball 2-2: Strikes out swinging
|
Batting: RHB Jamie Villagrana
|
0-0: Called Strike 0-1: Ball 1-1: Ball 2-1: Foul Ball, location: 2F 2-2: Strikes out swinging
|
Batting: LHB George Moran
|
0-0: Called Strike 0-1: Ball 1-1: Ball 2-1: Ball 3-1: SINGLE (Line Drive, 3D, EV 105.6 MPH) Tommy McDonald scores Jon Pedlar to third Tony Soto to second Runner from 3rd tries for Home, SAFE, throw by RF to home
|
Batting: RHB Adam MacConnell
|
0-0: Called Strike 0-1: Called Strike 0-2: Foul Ball, location: 2F 0-2: Ball 1-2: Ground out 6-3 (Groundball, 6M, EV 75.6 MPH)
|
Bottom of the 8th over - 2 runs, 2 hits, 0 errors, 2 left on base; Baltimore (APP) 6 - Detroit (APP) 5 |
TOP OF THE 9TH |
Baltimore (APP) Orioles batting - Pitching for Detroit (APP) Tigers : RHP Alex Amparo
|
Batting: RHB Tony Godley
|
0-0: Ball 1-0: SINGLE (Groundball, 4M, EV 105.6 MPH) (infield hit)
|
Batting: RHB Matt Berrier
|
0-0: Bunt missed! 0-1: Called Strike Tony Godley steals 2nd base 0-2: Foul Ball, location: 2F 0-2: SINGLE (Groundball, 56S, EV 68.8 MPH) (infield hit) Tony Godley to third
|
Batting: RHB Danny Ayala
|
0-0: Foul Ball, location: 2F 0-1: Swinging Strike 0-2: Ground out 5-3 (Groundball, 56S, EV 80.0 MPH) Matt Berrier to second
|
Batting: LHB Ralph Braine
|
0-0: Called Strike 0-1: Called Strike 0-2: Ball 1-2: SINGLE (Groundball, 34D, EV 108.1 MPH) Tony Godley scores Matt Berrier to third
|
Batting: RHB Ray Sims
|
0-0: Ball 1-0: Ball 2-0: Ball 3-0: Base on Balls Ralph Braine to second
|
Pitching: LHP Jesse Turner
|
|
Batting: RHB Daniel Jackson
|
0-0: Called Strike 0-1: Foul Ball, location: 2F 0-2: Ball 1-2: Strikes out swinging
|
Batting: RHB Danny Baeza
|
0-0: Called Strike 0-1: Foul Ball, location: 2F 0-2: Ball 1-2: Ball 2-2: Ball 3-2: Foul Ball, location: 2F 3-2: GRAND SLAM HOME RUN (Flyball, 7LD, EV 98.1 MPH), Distance : 381 ft
|
Batting: RHB Mike Zepeda
|
0-0: Swinging Strike 0-1: Ball 1-1: Foul Ball, location: 2F 1-2: Foul Ball, location: 2F 1-2: Ball 2-2: DOUBLE (Flyball, 78XD, EV 104.4 MPH)
|
Batting: RHB Matt O'Dea
|
0-0: Ball 1-0: Ball 2-0: Ball 3-0: Base on Balls
|
Pitching: RHP Kyle Moore
|
|
Batting: RHB Tony Godley
|
0-0: Foul Ball, location: 2F 0-1: Ball 1-1: Ground out 1-3 (Groundball, 13S, EV 63.1 MPH)
|
Top of the 9th over - 5 runs, 5 hits, 0 errors, 2 left on base; Baltimore (APP) 11 - Detroit (APP) 5 |
BOTTOM OF THE 9TH |
Detroit (APP) Tigers batting - Pitching for Baltimore (APP) Orioles : LHP Randall Rennie
|
Batting: LHB Bill Ford
|
0-0: Ball 1-0: Called Strike 1-1: Ball 2-1: Ball 3-1: Foul Ball, location: 2F 3-2: Foul Ball, location: 2F 3-2: Base on Balls
|
Batting: RHB Keith Hoffman
|
0-0: Ball 1-0: Called Strike 1-1: Grounds into double play, 6-4-3 (Groundball, 6, EV 88.1 MPH)
|
Batting: RHB Tommy McDonald
|
0-0: Foul Ball, location: 2F 0-1: Swinging Strike 0-2: Ball 1-2: Ball 2-2: Ball 3-2: Base on Balls
|
Pitching: RHP Angel Gonzales
|
|
Batting: LHB Jon Pedlar
|
0-0: Ball 1-0: Ground out 1-3 (Groundball, 15S, EV 63.8 MPH)
|
Bottom of the 9th over - 0 runs, 0 hits, 0 errors, 1 left on base; Baltimore (APP) 11 - Detroit (APP) 5 |
|